Comets vs Checkers

Created - May 14, 2025 at 19:15

Goals
1 2 3 OT1 SO T
Comets 3 0 1 0 2 5
Checkers 1 1 2 0 1 4
Shots
1 2 3 OT1 SO T
Comets 16 7 12 0 3 35
Checkers 12 5 4 2 3 23

1st period

1. Comets , Brett Howden 23 (Conor Garland 50, Mason Marchment 25) at 3:03
2. Checkers , Rafael Harvey-Pinard 3 (Jordan Harris 8) at 8:17
3. Comets , Conor Garland 33 (Mason Marchment 26, Wyatt Kalynuk 28) at 9:09
4. Comets , John Hayden 13 (Christian Wolanin 34) at 9:15

Penalties :
Conor Garland (Uti) for High sticking (Minor) at 12:55

2nd period

5. Checkers , Alexander Romanov 2 (Kieffer Bellows 12) at 8:55

Penalties :
Mattias Norlinder (Cha) for Roughing (Minor) at 11:51, Alexander Romanov (Cha) for Tripping (Minor) at 16:32

3rd period

6. Checkers , Mitchell Heard 22 (Kieffer Bellows 13) at 2:17
7. Checkers , Austin Poganski 22 (Brendan Leipsic 17, Mattias Norlinder 1) at 10:29
8. Comets , Brett Seney 47 (Joonas Donskoi 48, Christian Wolanin 35) at 19:10

Penalties :
Alexander Romanov (Cha) for Holding (Minor) at 6:06, Brendan Leipsic (Cha) for Roughing (Minor) at 14:05

Overtime #1

No Goal

Penalties :
No Penalty

Shootout

Comets, Valeri Nichushkin - Goal!
Checkers, Adam Boqvist - Goal!
Comets, Conor Garland - Stopped by Joseph Woll
Checkers, Dylan Gambrell - Stopped by Juuse Saros
Comets, Brett Seney - Goal!
Checkers, Nathan Walker - Stopped by Juuse Saros

Penalties :
No Penalty

Goalie Stats

Juuse Saros (Uti), 19 saves from 23 shots - (0.826), W, 31-20-5, 64:56 minutes
Joseph Woll (Cha), 31 saves from 35 shots - (0.886), OTL, 18-23-4, 65:00 minutes

Players Stats for Comets

Player Name              G  A  P  +/- PIM S  H  SB GA TA FO     MP     PP MP  PK MP  
------------------------------------------------------------------------------------
                         0  0  0   0  0   0  0  0  0  0  0/0     0:00   0:00   0:00 
                         0  0  0   0  0   0  0  0  0  0  0/0     0:00   0:00   0:00 
                         0  0  0   0  0   0  0  0  0  0  0/0     0:00   0:00   0:00 
                         0  0  0   0  0   0  0  0  0  0  0/0     0:00   0:00   0:00 
                         0  0  0   0  0   0  0  0  0  0  0/0     0:00   0:00   0:00 
                         0  0  0   0  0   0  0  0  0  0  0/0     0:00   0:00   0:00 
Alexandre Texier         0  0  0   1  0   5  1  0  0  0  0/1    11:37   0:10   0:00 
Brett Howden             1  0  1   2  0   3  0  0  0  0  5/9    18:29   3:34   0:25 
Brett Seney              1  0  1  -3  0   2  3  0  1  0  14/34  23:11   4:12   0:31 
Christian Wolanin        0  2  2   1  0   2  0  1  0  0  0/0    23:27   4:51   1:16 
Conor Garland            1  1  2   2  2   5  4  1  1  1  0/0    18:52   3:34   0:00 
Cristiano Digiacinto     0  0  0   0  0   2  1  1  0  0  0/1    10:29   0:00   0:57 
David Kase               0  0  0   0  0   0  0  0  0  0  0/0     8:49   0:00   0:00 
Eeli Tolvanen            0  0  0   2  0   0  1  0  0  0  0/0    11:31   0:10   0:00 
Filip Roos               0  0  0   0  0   1  0  0  0  0  0/0    13:01   0:00   0:00 
Ilya Lyubushkin          0  0  0   0  0   2  7  1  1  0  0/0    30:08   4:51   1:16 
Jake Bean                0  0  0   0  0   2  1  2  1  0  0/0    20:46   3:05   0:43 
John Hayden              1  0  1   1  0   1  2  1  0  0  3/5    10:28   0:00   0:00 
Jonathan Kovacevic       0  0  0  -1  0   0  0  0  0  0  0/0     4:40   0:00   0:00 
Joonas Donskoi           0  1  1  -3  0   3  0  0  1  0  1/1    22:33   4:12   0:00 
Mason Marchment          0  2  2   2  0   1  2  0  0  0  0/0    19:01   3:34   0:37 
Nicolas Roy              0  0  0   0  0   2  0  0  0  0  2/6     9:17   0:00   0:57 
Valeri Nichushkin        0  0  0  -4  0   2  3  1  0  1  3/5    23:43   4:22   0:31 
Vincent Desharnais       0  0  0   0  0   0  4  0  0  0  0/0    13:01   0:00   0:00 
Wyatt Kalynuk            0  1  1   0  0   2  1  0  0  1  0/0    19:57   3:05   0:43 

Players Stats for Checkers

Player Name              G  A  P  +/- PIM S  H  SB GA TA FO     MP     PP MP  PK MP  
------------------------------------------------------------------------------------
                         0  0  0   0  0   0  0  0  0  0  0/0     0:00   0:00   0:00 
                         0  0  0   0  0   0  0  0  0  0  0/0     0:00   0:00   0:00 
                         0  0  0   0  0   0  0  0  0  0  0/0     0:00   0:00   0:00 
                         0  0  0   0  0   0  0  0  0  0  0/0     0:00   0:00   0:00 
                         0  0  0   0  0   0  0  0  0  0  0/0     0:00   0:00   0:00 
                         0  0  0   0  0   0  0  0  0  0  0/0     0:00   0:00   0:00 
                         0  0  0   0  0   0  0  0  0  0  0/0     0:00   0:00   0:00 
Adam Boqvist             0  0  0  -1  0   0  2  0  0  0  0/0    20:46   1:06   3:34 
Alexander Romanov        1  0  1  -1  4   1  1  2  0  2  0/0    26:17   0:53   1:26 
Austin Poganski          1  0  1   0  0   2  0  0  0  0  1/1    17:15   0:56   2:02 
Brendan Leipsic          0  1  1   1  2   1  1  4  0  0  0/0    15:50   0:56   0:54 
Dylan Gambrell           0  0  0  -3  0   2  1  0  0  0  17/29  21:03   1:02   2:01 
Jordan Harris            0  1  1   2  0   0  0  0  0  0  0/0    15:53   0:00   2:46 
Kieffer Bellows          0  2  2   1  0   1  1  1  0  1  0/0    11:53   0:06   0:00 
Mattias Norlinder        0  1  1   2  2   0  0  0  0  0  0/0    12:34   0:00   0:00 
Mitchell Heard           1  0  1   1  0   2  1  0  0  0  4/7    12:40   0:01   0:29 
Nathan Walker            0  0  0  -3  0   3  0  0  1  0  2/3    21:30   1:02   2:34 
Nick Abruzzese           0  0  0   1  0   3  0  0  0  0  5/14   20:26   0:56   3:58 
Patrick Brown            0  0  0  -2  0   2  0  1  0  0  0/2    22:14   0:57   3:54 
Rafael Harvey-Pinard     1  0  1   1  0   1  0  0  0  0  0/0     8:09   0:00   0:00 
Roberts Lipsbergs        0  0  0   1  0   3  1  0  0  1  2/2    12:31   0:01   0:00 
Ryan Pulock              0  0  0  -1  0   0  0  3  1  1  0/0    28:02   0:53   4:00 
Shane Bowers             0  0  0   1  0   0  1  0  1  0  2/3     8:09   0:00   0:00 
Tyce Thompson            0  0  0   1  0   0  0  0  0  0  1/1    10:21   0:00   0:00 
Viktor Baldayev          0  0  0  -1  0   2  3  0  0  0  0/0    21:27   1:06   4:06 

3 Stars

1 - Conor Garland (Uti)
2 - Mason Marchment (Uti)
3 - John Hayden (Uti)

Power Play

Comets - 0 on 4 Attempt(s) - 0.00%
Checkers - 0 on 1 Attempt(s) - 0.00%

Penalty Kill

Comets - 1 on 1 Attempt(s) - 100.00% - Score 0 goal in Penalty Kill
Checkers - 4 on 4 Attempt(s) - 100.00% - Score 0 goal in Penalty Kill

Team Stat

Comets - Hits : 30 - Faceoff Wins : 28 - Blocked Shots : 8 - Penalty Minutes : 2
Checkers - Hits : 12 - Faceoff Wins : 34 - Blocked Shots : 11 - Penalty Minutes : 8

Official

Referees : Kyle Rehman and Trevor Hanson
Linesman : Kyle Flemington and Mark Shewchyk

Game Notes

No Game Note

Finance

Level 1 -- Attendance: 1949 (97.45%) -- Ticket Income $136,430
Level 2 -- Attendance: 932 (93.20%) -- Ticket Income $37,280
Total Attendance: 2881 (96.03%)
Total Ticket Income: $173,710
Other Income: $8,686
Total Income: $182,396

Comets

5 vs 5 Forward 
   Center                   Left Wing                Right Wing               Time % Phy DF OF 
 1 Brett Seney              Valeri Nichushkin        Joonas Donskoi           40     0   2  3  
 2 Brett Howden             Mason Marchment          Conor Garland            30     0   2  3  
 3 John Hayden              Eeli Tolvanen            Alexandre Texier         20     0   2  3  
 4 Nicolas Roy              Cristiano Digiacinto     David Kase               10     1   2  2  

5 vs 5 Defense 
   Defense                  Defense                                           Time % Phy DF OF 
 1 Ilya Lyubushkin          Christian Wolanin                                 40     0   3  2  
 2 Jake Bean                Wyatt Kalynuk                                     30     0   3  2  
 3 Filip Roos               Vincent Desharnais                                20     0   3  2  
 4 Jonathan Kovacevic       Ilya Lyubushkin                                   10     0   3  2  

PowerPlay Forward 
   Center                   Left Wing                Right Wing               Time % Phy DF OF 
 1 Brett Seney              Valeri Nichushkin        Joonas Donskoi           60     0   1  4  
 2 Brett Howden             Mason Marchment          Conor Garland            40     0   1  4  

PowerPlay Defense
   Defense                  Defense                                           Time % Phy DF OF 
 1 Ilya Lyubushkin          Christian Wolanin                                 60     0   2  3  
 2 Jake Bean                Wyatt Kalynuk                                     40     0   2  3  

Penalty Kill 4 Players Forward 
   Center                   Wing                     Time % Phy DF OF 
 1 Nicolas Roy              Cristiano Digiacinto     60     1   3  1  
 2 Brett Howden             Mason Marchment          40     1   3  1  

Penalty Kill 4 Players Defense
   Defense                  Defense                  Time % Phy DF OF 
 1 Ilya Lyubushkin          Christian Wolanin        60     1   4  0  
 2 Jake Bean                Wyatt Kalynuk            40     1   4  0  

Penalty Kill - 3 Players Forward 
   Forward                                           Time % Phy DF OF 
 1 Brett Seney                                       60     1   2  2  
 2 Brett Howden                                      40     1   2  2  

Penalty Kill - 3 Players Defense
   Defense                  Defense                  Time % Phy DF OF 
 1 Ilya Lyubushkin          Christian Wolanin        60     1   2  2  
 2 Jake Bean                Wyatt Kalynuk            40     1   2  2  

4 vs 4 Forward 
   Center                   Wing                     Time % Phy DF OF 
 1 Brett Seney              Valeri Nichushkin        60     1   2  2  
 2 Brett Howden             Mason Marchment          40     1   2  2  

4 vs 4 Defense
   Defense                  Defense                  Time % Phy DF OF 
 1 Ilya Lyubushkin          Christian Wolanin        60     1   2  2  
 2 Jake Bean                Wyatt Kalynuk            40     1   2  2  

Last Minutes Offensive
   Center                   Left Wing                Right Wing               Defense                  Defense                  
   Brett Seney              Valeri Nichushkin        Joonas Donskoi           Ilya Lyubushkin          Christian Wolanin        

Last Minutes Defensive
   Center                   Left Wing                Right Wing               Defense                  Defense                  
   Brett Seney              Valeri Nichushkin        Conor Garland            Ilya Lyubushkin          Christian Wolanin        

Goaltenders
Starting : Juuse Saros              
Backup : Akira Schmid             

Extra Forwards
Normal : Alexandre Texier, Eeli Tolvanen, Cristiano Digiacinto - PP : Alexandre Texier, Eeli Tolvanen - PK : Mason Marchment
Extra Defensemen
Normal : Filip Roos, Vincent Desharnais, Jonathan Kovacevic - PP : Filip Roos - PK : Filip Roos, Vincent Desharnais
Penalty Shots
Valeri Nichushkin, Conor Garland, Brett Seney, Joonas Donskoi, Mason Marchment
Custom OT Lines Forwards
Valeri Nichushkin, Conor Garland, Brett Seney, Joonas Donskoi, Mason Marchment, Brett Howden, Alexandre Texier, Eeli Tolvanen, Nicolas Roy, David Kase
Custom OT Lines Defensemen
Ilya Lyubushkin, Christian Wolanin, Jake Bean, Wyatt Kalynuk, Vincent Desharnais

Scratches
Marcus Bjork (Back Injury), Nikita Nesterenko (Healthy), Alex Turcotte (Healthy), Graeme Clarke (Healthy)

Checkers

5 vs 5 Forward 
   Center                   Left Wing                Right Wing               Time % Phy DF OF 
 1 Dylan Gambrell           Nathan Walker            Patrick Brown            40     0   2  3  
 2 Nick Abruzzese           Brendan Leipsic          Austin Poganski          30     0   2  3  
 3 Mitchell Heard           Roberts Lipsbergs        Kieffer Bellows          20     0   2  3  
 4 Shane Bowers             Rafael Harvey-Pinard     Tyce Thompson            10     0   2  3  

5 vs 5 Defense 
   Defense                  Defense                                           Time % Phy DF OF 
 1 Ryan Pulock              Alexander Romanov                                 40     0   2  3  
 2 Viktor Baldayev          Adam Boqvist                                      30     0   2  3  
 3 Jordan Harris            Mattias Norlinder                                 20     0   2  3  
 4 Ryan Pulock              Alexander Romanov                                 10     0   2  3  

PowerPlay Forward 
   Center                   Left Wing                Right Wing               Time % Phy DF OF 
 1 Dylan Gambrell           Nathan Walker            Patrick Brown            60     0   1  4  
 2 Nick Abruzzese           Brendan Leipsic          Austin Poganski          40     0   1  4  

PowerPlay Defense
   Defense                  Defense                                           Time % Phy DF OF 
 1 Viktor Baldayev          Adam Boqvist                                      60     0   2  3  
 2 Ryan Pulock              Alexander Romanov                                 40     0   2  3  

Penalty Kill 4 Players Forward 
   Center                   Wing                     Time % Phy DF OF 
 1 Nick Abruzzese           Patrick Brown            60     1   3  1  
 2 Dylan Gambrell           Nathan Walker            40     1   3  1  

Penalty Kill 4 Players Defense
   Defense                  Defense                  Time % Phy DF OF 
 1 Viktor Baldayev          Ryan Pulock              60     1   4  0  
 2 Adam Boqvist             Alexander Romanov        40     1   4  0  

Penalty Kill - 3 Players Forward 
   Forward                                           Time % Phy DF OF 
 1 Patrick Brown                                     60     1   3  1  
 2 Nathan Walker                                     40     1   3  1  

Penalty Kill - 3 Players Defense
   Defense                  Defense                  Time % Phy DF OF 
 1 Viktor Baldayev          Ryan Pulock              60     1   4  0  
 2 Adam Boqvist             Alexander Romanov        40     1   4  0  

4 vs 4 Forward 
   Center                   Wing                     Time % Phy DF OF 
 1 Dylan Gambrell           Nathan Walker            60     0   2  3  
 2 Nick Abruzzese           Patrick Brown            40     0   2  3  

4 vs 4 Defense
   Defense                  Defense                  Time % Phy DF OF 
 1 Ryan Pulock              Alexander Romanov        60     0   2  3  
 2 Viktor Baldayev          Adam Boqvist             40     0   2  3  

Last Minutes Offensive
   Center                   Left Wing                Right Wing               Defense                  Defense                  
   Dylan Gambrell           Nathan Walker            Patrick Brown            Adam Boqvist             Ryan Pulock              

Last Minutes Defensive
   Center                   Left Wing                Right Wing               Defense                  Defense                  
   Dylan Gambrell           Nathan Walker            Austin Poganski          Viktor Baldayev          Ryan Pulock              

Goaltenders
Starting : Joseph Woll              
Backup : Brandon Halverson        

Extra Forwards
Normal : Nick Abruzzese, Nathan Walker, Dylan Gambrell - PP : Nick Abruzzese, Nathan Walker - PK : Austin Poganski
Extra Defensemen
Normal : Adam Boqvist, Alexander Romanov, Ryan Pulock - PP : Adam Boqvist - PK : Jordan Harris, Viktor Baldayev
Penalty Shots
Adam Boqvist, Dylan Gambrell, Nathan Walker, Kieffer Bellows, Nick Abruzzese
Custom OT Lines Forwards
Dylan Gambrell, Nathan Walker, Nick Abruzzese, Tyce Thompson, Patrick Brown, Roberts Lipsbergs, Austin Poganski, Kieffer Bellows, Rafael Harvey-Pinard, Brendan Leipsic
Custom OT Lines Defensemen
Alexander Romanov, Ryan Pulock, Viktor Baldayev, Adam Boqvist, Jordan Harris

Scratches
Brett Pollock (Healthy), Timothy Liljegren (Torn Left MCL Injury), Michael Anderson (Bruised Left Arm Injury), Mikhail Abramov (Healthy), Nathan Legare (Healthy)
Arvid Soderblom (Healthy), Kirill Ustimenko (Healthy)

% Time on Ice - Comets

Lines # - Real PCT - Wanted PCT - Time Play
Normal Forward
1 - 33% - 40% - 16:30
2 - 30% - 30% - 14:43
3 - 20% - 20% - 10:10
4 - 17% - 10% - 8:20
Normal Defense
1 - 32% - 40% - 15:53
2 - 32% - 30% - 16:09
3 - 26% - 20% - 13:01
4 - 9% - 10% - 4:40
PP Forward
1 - 55% - 60% - 4:22
2 - 45% - 40% - 3:34
PP Defense
1 - 61% - 60% - 4:51
2 - 39% - 40% - 3:05
PK Forward
1 - 79% - 60% - 1:34
2 - 21% - 40% - 0:25
PK Defense
1 - 64% - 60% - 1:16
2 - 36% - 40% - 0:43
PK3 Forward
1 - 0% - 60%
2 - 0% - 40%
PK3 Defense
1 - 0% - 60%
2 - 0% - 40%
44 Forward
1 - 0% - 60%
2 - 0% - 40%
44 Defense
1 - 0% - 60%
2 - 0% - 40%
Last Minute Offensive  - 0:22
Last Minute Defensive  - 0:00
Total
Forward - 60:00
Defense - 60:00

% Time on Ice - Checkers

Lines # - Real PCT - Wanted PCT - Time Play
Normal Forward
1 - 32% - 40% - 16:06
2 - 28% - 30% - 13:49
3 - 24% - 20% - 11:42
4 - 16% - 10% - 8:09
Normal Defense
1 - 39% - 40% - 19:36
2 - 31% - 30% - 15:27
3 - 25% - 20% - 12:35
4 - 4% - 10% - 2:08
PP Forward
1 - 53% - 60% - 1:03
2 - 47% - 40% - 0:56
PP Defense
1 - 55% - 60% - 1:06
2 - 45% - 40% - 0:53
PK Forward
1 - 75% - 60% - 5:55
2 - 25% - 40% - 2:01
PK Defense
1 - 55% - 60% - 4:22
2 - 45% - 40% - 3:34
PK3 Forward
1 - 0% - 60%
2 - 0% - 40%
PK3 Defense
1 - 0% - 60%
2 - 0% - 40%
44 Forward
1 - 0% - 60%
2 - 0% - 40%
44 Defense
1 - 0% - 60%
2 - 0% - 40%
Last Minute Offensive  - 0:00
Last Minute Defensive  - 0:19
Total
Forward - 60:00
Defense - 60:00

Play-by-Play

1st period


0:01 of 1st period - Dylan Gambrell wins face-off versus Brett Seney in neutral zone.
0:14 of 1st period - Snap shot by Dylan Gambrell.
0:14 of 1st period - Stopped by Juuse Saros without a rebound.
0:15 of 1st period - Brett Howden wins face-off versus Nick Abruzzese in Comets zone.
0:36 of 1st period - Viktor Baldayev is hit by Conor Garland and loses puck.
0:47 of 1st period - Snap shot by Nick Abruzzese.
0:47 of 1st period - Stopped by Juuse Saros without a rebound.
0:48 of 1st period - John Hayden wins face-off versus Mitchell Heard in Comets zone.
1:39 of 1st period - Wrist shot by Nicolas Roy.
1:39 of 1st period - Shot Blocked by Ryan Pulock.
2:03 of 1st period - Snap shot by Mason Marchment.
2:03 of 1st period - Stopped by Joseph Woll without a rebound.
2:04 of 1st period - Dylan Gambrell wins face-off versus Brett Seney in Checkers zone.
2:53 of 1st period - Backhand shot by Nick Abruzzese.
2:53 of 1st period - Stopped by Juuse Saros without a rebound.
2:54 of 1st period - Brett Howden wins face-off versus Dylan Gambrell in Comets zone.
3:03 of 1st period - Snap shot by Brett Howden.
3:03 of 1st period - Goal by Brett Howden - Comets : 1 - Checkers : 0.
3:04 of 1st period - Dylan Gambrell wins face-off versus Brett Seney in neutral zone.
3:29 of 1st period - Ilya Lyubushkin is hit by Brendan Leipsic.
3:33 of 1st period - Slapshot by Nick Abruzzese.
3:33 of 1st period - Stopped by Juuse Saros with a rebound.
3:35 of 1st period - Backhand shot by Viktor Baldayev.
3:35 of 1st period - Shot Blocked by Ilya Lyubushkin.
3:37 of 1st period - Snap shot by Viktor Baldayev.
3:37 of 1st period - Deflect By Ilya Lyubushkin.
3:37 of 1st period - Stopped by Juuse Saros with a rebound.
3:39 of 1st period - Snap shot by Viktor Baldayev.
3:39 of 1st period - Stopped by Juuse Saros with a rebound.
3:51 of 1st period - Snap shot by Eeli Tolvanen.
3:51 of 1st period - Deflect By Alexandre Texier.
3:51 of 1st period - Stopped by Joseph Woll with a rebound.
4:29 of 1st period - Slapshot by Patrick Brown.
4:29 of 1st period - Stopped by Juuse Saros without a rebound.
4:30 of 1st period - Dylan Gambrell wins face-off versus Brett Seney in Comets zone.
4:46 of 1st period - Icing by Joonas Donskoi.
4:47 of 1st period - Nick Abruzzese wins face-off versus Brett Seney in Comets zone.
5:36 of 1st period - Wrist shot by Roberts Lipsbergs.
5:36 of 1st period - Stopped by Juuse Saros without a rebound.
5:37 of 1st period - Austin Poganski wins face-off versus Alexandre Texier in Comets zone.
5:38 of 1st period - Wrist shot by Nick Abruzzese.
5:38 of 1st period - Shot Blocked by Christian Wolanin.
6:30 of 1st period - Slapshot by Jake Bean.
6:30 of 1st period - Stopped by Joseph Woll without a rebound.
6:31 of 1st period - Valeri Nichushkin wins face-off versus Mitchell Heard in Checkers zone.
6:34 of 1st period - Snap shot by Brett Seney.
6:34 of 1st period - Shot Blocked by Kieffer Bellows.
6:36 of 1st period - Snap shot by Jake Bean.
6:36 of 1st period - Shot Blocked by Ryan Pulock.
6:40 of 1st period - Slapshot by Valeri Nichushkin.
6:40 of 1st period - Stopped by Joseph Woll without a rebound.
6:41 of 1st period - Mitchell Heard wins face-off versus Brett Seney in Checkers zone.
6:41 of 1st period - Mitchell Heard is hit by Valeri Nichushkin.
6:51 of 1st period - Wrist shot by Kieffer Bellows.
6:51 of 1st period - Deflect By Wyatt Kalynuk.
6:51 of 1st period - Stopped by Juuse Saros without a rebound.
6:52 of 1st period - Brett Howden wins face-off versus Nick Abruzzese in Comets zone.
7:05 of 1st period - Wrist shot by Brett Howden.
7:05 of 1st period - Stopped by Joseph Woll with a rebound.
7:07 of 1st period - Wrist shot by Christian Wolanin.
7:07 of 1st period - Stopped by Joseph Woll without a rebound.
7:08 of 1st period - Dylan Gambrell wins face-off versus Brett Seney in Checkers zone.
7:17 of 1st period - Ilya Lyubushkin is hit by Dylan Gambrell and loses puck.
7:35 of 1st period - Ryan Pulock is hit by Mason Marchment.
7:43 of 1st period - Wrist shot by Austin Poganski.
7:43 of 1st period - Stopped by Juuse Saros with a rebound.
8:04 of 1st period - Icing by Rafael Harvey-Pinard.
8:05 of 1st period - Shane Bowers wins face-off versus Brett Seney in Checkers zone.
8:17 of 1st period - Backhand shot by Rafael Harvey-Pinard.
8:17 of 1st period - Goal by Rafael Harvey-Pinard - Comets : 1 - Checkers : 1.
8:18 of 1st period - Dylan Gambrell wins face-off versus Brett Seney in neutral zone.
8:31 of 1st period - Snap shot by Patrick Brown.
8:31 of 1st period - Deflect By Nathan Walker.
8:31 of 1st period - Shot Misses the Net.
8:31 of 1st period - Puck is out of play.
8:32 of 1st period - Brett Howden wins face-off versus Mitchell Heard in Comets zone.
8:41 of 1st period - Backhand shot by Conor Garland.
8:41 of 1st period - Stopped by Joseph Woll without a rebound.
8:42 of 1st period - Mitchell Heard wins face-off versus Brett Howden in Checkers zone.
8:47 of 1st period - Snap shot by Mitchell Heard.
8:47 of 1st period - Shot Misses the Net.
8:57 of 1st period - Snap shot by Conor Garland.
8:57 of 1st period - Shot Misses the Net.
8:59 of 1st period - Snap shot by Mason Marchment.
8:59 of 1st period - Shot Blocked by Alexander Romanov.
9:05 of 1st period - Wrist shot by Conor Garland.
9:05 of 1st period - Shot Blocked by Ryan Pulock.
9:07 of 1st period - Snap shot by Mason Marchment.
9:07 of 1st period - Shot Misses the Net.
9:09 of 1st period - Snap shot by Conor Garland.
9:09 of 1st period - Goal by Conor Garland - Comets : 2 - Checkers : 1.
9:10 of 1st period - John Hayden wins face-off versus Dylan Gambrell in neutral zone.
9:15 of 1st period - Wrist shot by Christian Wolanin.
9:15 of 1st period - Deflect By John Hayden.
9:15 of 1st period - Goal by John Hayden - Comets : 3 - Checkers : 1.
9:16 of 1st period - Brett Seney wins face-off versus Dylan Gambrell in neutral zone.
9:47 of 1st period - Brendan Leipsic is hit by Ilya Lyubushkin and loses puck.
9:54 of 1st period - Snap shot by Alexandre Texier.
9:54 of 1st period - Stopped by Joseph Woll without a rebound.
9:55 of 1st period - Nicolas Roy wins face-off versus Patrick Brown in Checkers zone.
10:25 of 1st period - Snap shot by Nick Abruzzese.
10:25 of 1st period - Deflect By Brendan Leipsic.
10:25 of 1st period - Stopped by Juuse Saros with a rebound.
10:51 of 1st period - Wrist shot by Kieffer Bellows.
10:51 of 1st period - Shot Blocked by John Hayden.
11:53 of 1st period - Off-side.
11:54 of 1st period - Brett Seney wins face-off versus Nick Abruzzese in neutral zone.
12:01 of 1st period - Snap shot by Brett Seney.
12:01 of 1st period - Deflect By Valeri Nichushkin.
12:01 of 1st period - Shot Misses the Net.
12:01 of 1st period - Puck is out of play.
12:02 of 1st period - Brett Seney wins face-off versus Nick Abruzzese in Checkers zone.
12:03 of 1st period - Snap shot by Valeri Nichushkin.
12:03 of 1st period - Stopped by Joseph Woll without a rebound.
12:04 of 1st period - Brett Seney wins face-off versus Nick Abruzzese in Checkers zone.
12:17 of 1st period - Wrist shot by Joonas Donskoi.
12:17 of 1st period - Stopped by Joseph Woll with a rebound.
12:19 of 1st period - Slapshot by Christian Wolanin.
12:19 of 1st period - Shot Blocked by Brendan Leipsic.
12:21 of 1st period - Slapshot by Brett Seney.
12:21 of 1st period - Shot Misses the Net.
12:23 of 1st period - Slapshot by Ilya Lyubushkin.
12:23 of 1st period - Stopped by Joseph Woll with a rebound.
12:25 of 1st period - Slapshot by Ilya Lyubushkin.
12:25 of 1st period - Shot Misses the Net.
12:44 of 1st period - Slapshot by Brett Seney.
12:44 of 1st period - Deflect By Joonas Donskoi.
12:44 of 1st period - Shot Blocked by Brendan Leipsic.
12:44 of 1st period - Puck is out of play.
12:45 of 1st period - Dylan Gambrell wins face-off versus Brett Howden in Checkers zone.
12:55 of 1st period - Minor Penalty to Conor Garland for High sticking.
12:56 of 1st period - Nicolas Roy wins face-off versus Nathan Walker in Comets zone.
13:12 of 1st period - Wrist shot by Nathan Walker.
13:12 of 1st period - Shot Blocked by Cristiano Digiacinto.
14:55 of 1st period - Penalty to Conor Garland is over, Conor Garland is back on ice.
15:10 of 1st period - John Hayden is hit by Viktor Baldayev and loses puck.
15:21 of 1st period - Jordan Harris is hit by Vincent Desharnais and loses puck.
15:42 of 1st period - Alexander Romanov is hit by Brett Seney and loses puck.
17:01 of 1st period - Off-side.
17:02 of 1st period - Shane Bowers wins face-off versus John Hayden in neutral zone.
17:51 of 1st period - Alexander Romanov is hit by Ilya Lyubushkin and loses puck.
18:16 of 1st period - Nick Abruzzese is hit by Ilya Lyubushkin and loses puck.
18:38 of 1st period - Snap shot by Conor Garland.
18:38 of 1st period - Shot Blocked by Brendan Leipsic.
18:40 of 1st period - Snap shot by Christian Wolanin.
18:40 of 1st period - Stopped by Joseph Woll without a rebound.
18:41 of 1st period - Dylan Gambrell wins face-off versus Brett Seney in Checkers zone.
18:48 of 1st period - Snap shot by Dylan Gambrell.
18:48 of 1st period - Shot Misses the Net.
19:08 of 1st period - Cristiano Digiacinto is hit by Alexander Romanov and loses puck.
19:29 of 1st period - Snap shot by Alexandre Texier.
19:29 of 1st period - Stopped by Joseph Woll without a rebound.
19:30 of 1st period - Joonas Donskoi wins face-off versus Shane Bowers in Checkers zone.
19:33 of 1st period - Snap shot by Valeri Nichushkin.
19:33 of 1st period - Shot Misses the Net.
19:49 of 1st period - Valeri Nichushkin is hit by Shane Bowers and loses puck.
Goals for this period are 3 for Comets vs 1 for Checkers.
Shots for this period are 16 for Comets vs 12 for Checkers.

2nd period


0:01 of 2nd period - Brett Seney wins face-off versus Dylan Gambrell in neutral zone.
0:14 of 2nd period - Wrist shot by Joonas Donskoi.
0:14 of 2nd period - Stopped by Joseph Woll with a rebound.
0:34 of 2nd period - Conor Garland is hit by Adam Boqvist and loses puck.
0:58 of 2nd period - Alexander Romanov is hit by Alexandre Texier and loses puck.
3:36 of 2nd period - Wrist shot by Roberts Lipsbergs.
3:36 of 2nd period - Shot Blocked by Jake Bean.
4:04 of 2nd period - Snap shot by Cristiano Digiacinto.
4:04 of 2nd period - Stopped by Joseph Woll without a rebound.
4:05 of 2nd period - Valeri Nichushkin wins face-off versus Dylan Gambrell in Checkers zone.
4:21 of 2nd period - Valeri Nichushkin is hit by Viktor Baldayev.
4:35 of 2nd period - Wrist shot by Brett Howden.
4:35 of 2nd period - Shot Misses the Net.
4:52 of 2nd period - Off-side.
4:53 of 2nd period - Mitchell Heard wins face-off versus John Hayden in neutral zone.
5:19 of 2nd period - Viktor Baldayev is hit by Conor Garland and loses puck.
5:30 of 2nd period - Wrist shot by Conor Garland.
5:30 of 2nd period - Deflect By Brett Howden.
5:30 of 2nd period - Stopped by Joseph Woll with a rebound.
5:32 of 2nd period - Wrist shot by Wyatt Kalynuk.
5:32 of 2nd period - Stopped by Joseph Woll without a rebound.
5:33 of 2nd period - Brett Seney wins face-off versus Dylan Gambrell in Checkers zone.
5:38 of 2nd period - Snap shot by Brett Seney.
5:38 of 2nd period - Deflect By Nathan Walker.
5:38 of 2nd period - Shot Misses the Net.
5:38 of 2nd period - Puck is out of play.
5:39 of 2nd period - Brett Seney wins face-off versus Dylan Gambrell in Checkers zone.
6:29 of 2nd period - Roberts Lipsbergs is hit by Wyatt Kalynuk and loses puck.
8:17 of 2nd period - Icing by Cristiano Digiacinto.
8:18 of 2nd period - Dylan Gambrell wins face-off versus Nicolas Roy in Comets zone.
8:55 of 2nd period - Slapshot by Alexander Romanov.
8:55 of 2nd period - Goal by Alexander Romanov - Comets : 3 - Checkers : 2.
8:56 of 2nd period - Dylan Gambrell wins face-off versus Brett Seney in neutral zone.
9:21 of 2nd period - Ryan Pulock is hit by Jake Bean and loses puck.
9:44 of 2nd period - Adam Boqvist is hit by Eeli Tolvanen and loses puck.
10:23 of 2nd period - Dylan Gambrell is hit by Ilya Lyubushkin and loses puck.
11:00 of 2nd period - Eeli Tolvanen is hit by Viktor Baldayev and loses puck.
11:07 of 2nd period - Slapshot by Adam Boqvist.
11:07 of 2nd period - Shot Hit the Post.
11:30 of 2nd period - Wrist shot by Cristiano Digiacinto.
11:30 of 2nd period - Stopped by Joseph Woll without a rebound.
11:31 of 2nd period - Dylan Gambrell wins face-off versus Brett Seney in Checkers zone.
11:46 of 2nd period - Snap shot by Dylan Gambrell.
11:46 of 2nd period - Shot Blocked by Valeri Nichushkin.
11:51 of 2nd period - Minor Penalty to Mattias Norlinder for Roughing.
11:52 of 2nd period - Nick Abruzzese wins face-off versus Brett Seney in Checkers zone.
12:00 of 2nd period - Wrist shot by Ilya Lyubushkin.
12:00 of 2nd period - Stopped by Joseph Woll without a rebound.
12:01 of 2nd period - Nick Abruzzese wins face-off versus Brett Seney in Checkers zone.
12:28 of 2nd period - Ryan Pulock is hit by Ilya Lyubushkin and loses puck.
13:39 of 2nd period - Wrist shot by Nathan Walker.
13:39 of 2nd period - Shot Misses the Net.
13:51 of 2nd period - Penalty to Mattias Norlinder is over, Mattias Norlinder is back on ice.
13:59 of 2nd period - Mitchell Heard is hit by John Hayden and loses puck.
14:44 of 2nd period - Snap shot by Patrick Brown.
14:44 of 2nd period - Deflect By Nathan Walker.
14:44 of 2nd period - Stopped by Juuse Saros with a rebound.
14:46 of 2nd period - Wrist shot by Patrick Brown.
14:46 of 2nd period - Shot Misses the Net.
14:56 of 2nd period - Brendan Leipsic is hit by Valeri Nichushkin and loses puck.
15:48 of 2nd period - Icing by Mattias Norlinder.
15:49 of 2nd period - Tyce Thompson wins face-off versus Nicolas Roy in Checkers zone.
15:58 of 2nd period - Snap shot by Nicolas Roy.
15:58 of 2nd period - Stopped by Joseph Woll with a rebound.
16:12 of 2nd period - Alexander Romanov is hit by Vincent Desharnais and loses puck.
16:32 of 2nd period - Minor Penalty to Alexander Romanov for Tripping.
16:33 of 2nd period - Nick Abruzzese wins face-off versus Brett Seney in Checkers zone.
16:49 of 2nd period - Viktor Baldayev is hit by Valeri Nichushkin and loses puck.
17:00 of 2nd period - Viktor Baldayev is hit by Mason Marchment and loses puck.
18:32 of 2nd period - Penalty to Alexander Romanov is over, Alexander Romanov is back on ice.
18:41 of 2nd period - Snap shot by Mitchell Heard.
18:41 of 2nd period - Stopped by Juuse Saros without a rebound.
18:42 of 2nd period - Roberts Lipsbergs wins face-off versus Cristiano Digiacinto in Comets zone.
18:53 of 2nd period - Kieffer Bellows is hit by Vincent Desharnais and loses puck.
19:02 of 2nd period - Snap shot by Nicolas Roy.
19:02 of 2nd period - Shot Misses the Net.
19:20 of 2nd period - Wrist shot by Roberts Lipsbergs.
19:20 of 2nd period - Stopped by Juuse Saros with a rebound.
19:24 of 2nd period - Snap shot by Roberts Lipsbergs.
19:24 of 2nd period - Stopped by Juuse Saros without a rebound.
19:25 of 2nd period - Dylan Gambrell wins face-off versus Brett Seney in Comets zone.
Goals for this period are 0 for Comets vs 1 for Checkers.
Shots for this period are 7 for Comets vs 5 for Checkers.

3rd period


0:01 of 3rd period - Nathan Walker wins face-off versus Brett Seney in neutral zone.
1:58 of 3rd period - Slapshot by Austin Poganski.
1:58 of 3rd period - Shot Misses the Net.
2:17 of 3rd period - Slapshot by Mitchell Heard.
2:17 of 3rd period - Goal by Mitchell Heard - Comets : 3 - Checkers : 3.
2:18 of 3rd period - Dylan Gambrell wins face-off versus Brett Howden in neutral zone.
2:43 of 3rd period - Austin Poganski is hit by John Hayden.
2:47 of 3rd period - Snap shot by Alexandre Texier.
2:47 of 3rd period - Stopped by Joseph Woll with a rebound.
3:46 of 3rd period - Jordan Harris is hit by Ilya Lyubushkin and loses puck.
4:29 of 3rd period - Icing by Nick Abruzzese.
4:30 of 3rd period - Brett Seney wins face-off versus Nick Abruzzese in Checkers zone.
4:45 of 3rd period - Snap shot by Brett Seney.
4:45 of 3rd period - Stopped by Joseph Woll with a rebound.
5:03 of 3rd period - Slapshot by Nathan Walker.
5:03 of 3rd period - Stopped by Juuse Saros without a rebound.
5:04 of 3rd period - Brett Seney wins face-off versus Dylan Gambrell in Comets zone.
5:53 of 3rd period - Snap shot by Alexandre Texier.
5:53 of 3rd period - Deflect By John Hayden.
5:53 of 3rd period - Shot Blocked by Brendan Leipsic.
5:53 of 3rd period - Puck is out of play.
5:54 of 3rd period - John Hayden wins face-off versus Dylan Gambrell in Checkers zone.
5:55 of 3rd period - Snap shot by Alexandre Texier.
5:55 of 3rd period - Stopped by Joseph Woll with a rebound.
5:57 of 3rd period - Snap shot by Jake Bean.
5:57 of 3rd period - Deflect By Alexandre Texier.
5:57 of 3rd period - Shot Blocked by Patrick Brown.
5:57 of 3rd period - Puck is out of play.
5:58 of 3rd period - Brett Seney wins face-off versus Dylan Gambrell in Checkers zone.
6:03 of 3rd period - Wrist shot by Brett Seney.
6:03 of 3rd period - Deflect By Joonas Donskoi.
6:03 of 3rd period - Shot Misses the Net.
6:03 of 3rd period - Puck is out of play.
6:04 of 3rd period - Dylan Gambrell wins face-off versus Brett Seney in Checkers zone.
6:06 of 3rd period - Minor Penalty to Alexander Romanov for Holding.
6:07 of 3rd period - Brett Seney wins face-off versus Nick Abruzzese in Checkers zone.
6:33 of 3rd period - Nick Abruzzese is hit by Ilya Lyubushkin and loses puck.
8:06 of 3rd period - Penalty to Alexander Romanov is over, Alexander Romanov is back on ice.
8:11 of 3rd period - John Hayden is hit by Mitchell Heard and loses puck.
8:16 of 3rd period - Snap shot by Roberts Lipsbergs.
8:16 of 3rd period - Shot Misses the Net.
8:51 of 3rd period - Slapshot by Jake Bean.
8:51 of 3rd period - Stopped by Joseph Woll without a rebound.
8:52 of 3rd period - Dylan Gambrell wins face-off versus Nicolas Roy in Checkers zone.
9:43 of 3rd period - Slapshot by Rafael Harvey-Pinard.
9:43 of 3rd period - Shot Misses the Net.
9:53 of 3rd period - Tyce Thompson is hit by Conor Garland and loses puck.
9:58 of 3rd period - Wrist shot by Brett Howden.
9:58 of 3rd period - Shot Misses the Net.
10:10 of 3rd period - Snap shot by Conor Garland.
10:10 of 3rd period - Shot Misses the Net.
10:12 of 3rd period - Snap shot by Conor Garland.
10:12 of 3rd period - Stopped by Joseph Woll without a rebound.
10:13 of 3rd period - Brett Seney wins face-off versus Nick Abruzzese in Checkers zone.
10:29 of 3rd period - Snap shot by Brendan Leipsic.
10:29 of 3rd period - Deflect By Austin Poganski.
10:29 of 3rd period - Goal by Austin Poganski - Comets : 3 - Checkers : 4.
10:30 of 3rd period - Brett Seney wins face-off versus Dylan Gambrell in neutral zone.
11:05 of 3rd period - Austin Poganski is hit by Conor Garland and loses puck.
11:18 of 3rd period - Slapshot by Wyatt Kalynuk.
11:18 of 3rd period - Stopped by Joseph Woll with a rebound.
11:20 of 3rd period - Slapshot by Filip Roos.
11:20 of 3rd period - Stopped by Joseph Woll without a rebound.
11:21 of 3rd period - Mitchell Heard wins face-off versus Nicolas Roy in Checkers zone.
11:35 of 3rd period - Wrist shot by Nicolas Roy.
11:35 of 3rd period - Stopped by Joseph Woll with a rebound.
12:10 of 3rd period - Snap shot by Conor Garland.
12:10 of 3rd period - Stopped by Joseph Woll without a rebound.
12:11 of 3rd period - Brett Howden wins face-off versus Nick Abruzzese in Checkers zone.
12:42 of 3rd period - Slapshot by Conor Garland.
12:42 of 3rd period - Stopped by Joseph Woll without a rebound.
12:43 of 3rd period - Brett Seney wins face-off versus Dylan Gambrell in Checkers zone.
12:52 of 3rd period - Snap shot by Patrick Brown.
12:52 of 3rd period - Stopped by Juuse Saros with a rebound.
13:27 of 3rd period - Alexander Romanov is hit by Cristiano Digiacinto and loses puck.
14:05 of 3rd period - Minor Penalty to Brendan Leipsic for Roughing.
14:06 of 3rd period - Nick Abruzzese wins face-off versus Brett Seney in Checkers zone.
15:10 of 3rd period - Slapshot by Nathan Walker.
15:10 of 3rd period - Shot Blocked by Jake Bean.
16:05 of 3rd period - Penalty to Brendan Leipsic is over, Brendan Leipsic is back on ice.
16:31 of 3rd period - Tyce Thompson is hit by Vincent Desharnais and loses puck.
17:51 of 3rd period - Mason Marchment is hit by Kieffer Bellows.
18:55 of 3rd period - Christian Wolanin is hit by Adam Boqvist and loses puck.
19:06 of 3rd period - Comets, Juuse Saros is pulled from the net.
19:08 of 3rd period - Wrist shot by Joonas Donskoi.
19:08 of 3rd period - Stopped by Joseph Woll with a rebound.
19:10 of 3rd period - Slapshot by Brett Seney.
19:10 of 3rd period - Deflect By Adam Boqvist.
19:10 of 3rd period - Goal by Brett Seney - Comets : 4 - Checkers : 4.
19:10 of 3rd period - Juuse Saros from Comets was sent back in the game.
19:11 of 3rd period - Roberts Lipsbergs wins face-off versus Brett Seney in neutral zone.
19:26 of 3rd period - Roberts Lipsbergs is hit by Brett Seney and loses puck.
19:43 of 3rd period - Slapshot by Nathan Walker.
19:43 of 3rd period - Shot Misses the Net.
Goals for this period are 1 for Comets vs 2 for Checkers.
Shots for this period are 12 for Comets vs 4 for Checkers.

Overtime #1


0:01 of 1st overtime period - Dylan Gambrell wins face-off versus Valeri Nichushkin in neutral zone.
0:48 of 1st overtime period - Wrist shot by Nathan Walker.
0:48 of 1st overtime period - Stopped by Juuse Saros without a rebound.
0:49 of 1st overtime period - Dylan Gambrell wins face-off versus Brett Howden in Comets zone.
0:58 of 1st overtime period - Slapshot by Dylan Gambrell.
0:58 of 1st overtime period - Stopped by Juuse Saros with a rebound.
1:42 of 1st overtime period - Wrist shot by Brett Seney.
1:42 of 1st overtime period - Shot Blocked by Alexander Romanov.
1:48 of 1st overtime period - Jake Bean is hit by Roberts Lipsbergs and loses puck.
2:01 of 1st overtime period - Snap shot by Valeri Nichushkin.
2:01 of 1st overtime period - Shot Misses the Net.
2:42 of 1st overtime period - Icing by Ilya Lyubushkin.
2:43 of 1st overtime period - Nathan Walker wins face-off versus Valeri Nichushkin in Comets zone.
2:46 of 1st overtime period - Snap shot by Nathan Walker.
2:46 of 1st overtime period - Shot Blocked by Conor Garland.
3:32 of 1st overtime period - Snap shot by Patrick Brown.
3:32 of 1st overtime period - Deflect By Tyce Thompson.
3:32 of 1st overtime period - Shot Hit the Post.
3:32 of 1st overtime period - Puck is out of play.
3:33 of 1st overtime period - Valeri Nichushkin wins face-off versus Patrick Brown in Comets zone.
4:01 of 1st overtime period - Dylan Gambrell is hit by Brett Seney and loses puck.
Goals for this period are 0 for Comets vs 0 for Checkers.
Shots for this period are 0 for Comets vs 2 for Checkers.

ShootOut


5:00 of 1st overtime period - Round #1.
5:00 of 1st overtime period - Comets, Valeri Nichushkin.
5:00 of 1st overtime period - Deke by Valeri Nichushkin.
5:00 of 1st overtime period - Goal by Valeri Nichushkin.
5:00 of 1st overtime period - Checkers, Adam Boqvist.
5:00 of 1st overtime period - Wrist shot by Adam Boqvist.
5:00 of 1st overtime period - Goal by Adam Boqvist.
5:00 of 1st overtime period - Round #2.
5:00 of 1st overtime period - Comets, Conor Garland.
5:00 of 1st overtime period - Backhand shot by Conor Garland.
5:00 of 1st overtime period - Stopped by Joseph Woll.
5:00 of 1st overtime period - Checkers, Dylan Gambrell.
5:00 of 1st overtime period - Deke by Dylan Gambrell.
5:00 of 1st overtime period - Stopped by Juuse Saros.
5:00 of 1st overtime period - Round #3.
5:00 of 1st overtime period - Comets, Brett Seney.
5:00 of 1st overtime period - Wrist shot by Brett Seney.
5:00 of 1st overtime period - Goal by Brett Seney.
5:00 of 1st overtime period - Checkers, Nathan Walker.
5:00 of 1st overtime period - Wrist shot by Nathan Walker.
5:00 of 1st overtime period - Stopped by Juuse Saros. Output by the SimonT Hockey Simulator (STHS) for Francois Prevost - Original Page W3C HTML5 Valid
Hockey Simulator - Hockey Simulation - Hockey Manager